 Dungeon Crawl Stone Soup version 0.20.1-1-g8b1a95d (webtiles) character file.

143 vatarom the Ruffian (level 5, -3/52 HPs)
             Began as a Troll Transmuter on Sept 10, 2017.
             Killed from afar by an orc wizard (8 damage)
             ... with a magic dart
             ... on level 3 of the Dungeon.
             The game lasted 00:04:18 (1528 turns).

vatarom the Ruffian (Troll Transmuter)              Turns: 1528, Time: 00:04:18

Health: -3/52      AC:  6    Str: 18    XL:     5   Next: 4%
Magic:  5/5        EV: 10    Int: 15    God:
Gold:   78         SH:  0    Dex: 10    Spells: 5/6 levels left

rFire    . . .     SeeInvis .     - Unarmed
rCold    . . .     Gourm    +   (no shield)
rNeg     . . .     Faith    .   b - +1 robe
rPois    .         Spirit   .   (helmet restricted)
rElec    .         Reflect  .   g - scarf {repulsion}
rCorr    .         Harm     .   (gloves unavailable)
MR       +....                  (boots unavailable)
Stlth    +.........             (no amulet)
Regen    0.6/turn               j - ring of protection from magic
MPRegen  0.1/turn               (no ring)

@: brilliant, repel missiles
A: unfitting armour, claws 3, fast metabolism 3, gourmand, regeneration 1,
shaggy fur 1, tough skin 2
a: no special abilities


You were on level 3 of the Dungeon.
You were very full.

You visited 1 branch of the dungeon, and saw 3 of its levels.

You collected 78 gold pieces.

Inventory:

Missiles
 a - 71 arrows
Armour
 b - a +1 robe (worn)
 g - a scarf of repulsion (worn)
Jewellery
 j - a ring of protection from magic (left claw)
Scrolls
 l - a scroll of remove curse
Potions
 e - a potion of ambrosia
Books
 c - a book of Changes

   Spells                             Type                      Level
   a - Beastly Appendage              Transmutation                1
   b - Sticks to Snakes               Transmutation                2
   c - Spider Form                    Transmutation/Poison         3
   d - Ice Form                       Ice/Transmutation            4
   e - Blade Hands                    Transmutation                5
Comestibles
 d - 4 bread rations
 h - 3 royal jellies
 i - 3 chunks of flesh


   Skills:
 + Level 2.8 Fighting
 - Level 1.5 Dodging
 + Level 4.6 Unarmed Combat
 - Level 1.2 Spellcasting
 - Level 1.3 Transmutations


You had 5 spell levels left.
You knew the following spells:

 Your Spells              Type           Power        Failure   Level  Hunger
a - Beastly Appendage     Tmut           ##....       1%          1    ##.....


Dungeon Overview and Level Annotations

Branches:
Dungeon (3/15)

Altars:


Innate Abilities, Weirdness & Mutations

You are too large for most types of armour.
You have claws for hands.
Your metabolism is lightning-fast.
You like to eat raw meat.
Your natural rate of healing is unusually fast.
You are covered in fur. (AC +1)
You have very tough skin. (AC +2)


Message History

You hear some strange, mumbled words.
A magic dart appears from out of thin air!
The magic dart hits you!
* * * LOW HITPOINT WARNING * * *
It was a potion of brilliance.
You feel clever all of a sudden. Something hits you.
* * * LOW HITPOINT WARNING * * *
Some of the chunks of flesh in your inventory have rotted away.
A magic dart appears from out of thin air!
The magic dart hits you!
* * * LOW HITPOINT WARNING * * *
An orc wizard appears from thin air!
Reactivating autopickup.
The orc wizard gestures at you while chanting.
The puff of flame hits you!
* * * LOW HITPOINT WARNING * * *
The orc wizard points at you and mumbles some strange words.
The magic dart hits you!
You die...

####### ......# #####.#
#####.##################
........................
..###.####### #@#
#.#.....# #.# #.#.#.#.#
#.# ..#.#.#.# #.#
....#...# #o# .....##.#
#l# ####..#.### #o#
####......######o#
...............o.#


You could see an orc priest, an orc wizard, an orc and a frilled lizard.

Vanquished Creatures
  An orc priest (D:3)
  An orc wizard (D:3)
  4 adders (D:2)
  2 worms (D:2)
  3 orcs (D:3)
  A ball python (D:2)
  3 goblins
  6 hobgoblins
  2 jackals (D:1)
  A quokka (D:2)
  6 bats
  2 frilled lizards (D:2)
  9 kobolds
  9 rats
50 creatures vanquished.

Notes
Turn   | Place    | Note
-------+----------+-------------------------------------------
     0 | D:1      | vatarom the Troll Transmuter began the quest for the Orb.
     0 | D:1      | Reached XP level 1. HP: 18/18 MP: 1/1
    52 | D:1      | Reached skill level 1 in Fighting
   220 | D:1      | Reached XP level 2. HP: 27/27 MP: 2/2
   542 | D:2      | Reached XP level 3. HP: 22/35 MP: 3/3
   970 | D:2      | Reached skill level 4 in Unarmed Combat
   982 | D:2      | Reached XP level 4. HP: 30/42 MP: 4/4
  1307 | D:3      | Reached XP level 5. HP: 26/52 MP: 5/5
  1528 | D:3      | Killed from afar by an orc wizard

Skill      XL: |  1  2  3 |
---------------+----------+-----
Fighting       | 1 2 |  2.8
Unarmed Combat | 4 |  4.6
Dodging        | |  1.5
Spellcasting   | |  1.2
Transmutations | |  1.3

Action                   |  1- 3 |  4- 6 || total
-------------------------+-------+-------++-------
Melee: Unarmed           |   107 |    62 ||   169
  Use: Potion            |     1 |     6 ||     7
       Scroll            |     3 |     2 ||     5
 Stab: Sleeping          |     2 |     2 ||     4
  Eat: Chunk             |    14 |     5 ||    19
Armor: Robe              |    37 |    14 ||    51
Dodge: Dodged            |    64 |     9 ||    73
       Deflected         |     2 |     1 ||     3
